 Dungeon Crawl Stone Soup version 0.26-a0-1102-g347fe5baa7 (webtiles) character file.

Game seed: 14965644012822566525

58 wisestar the Shield-Bearer (level 4, 0/40 HPs)
             Began as a Hill Orc Fighter on Dec 16, 2020.
             Succumbed to an adder's poison
             ... on level 3 of the Dungeon.
             The game lasted 00:11:15 (991 turns).

wisestar the Shield-Bearer (Hill Orc Fighter)        Turns: 991, Time: 00:11:16

Health: 0/40       AC:  9    Str: 19    XL:     4   Next: 1%
Magic:  4/4        EV:  7    Int:  8    God:
Gold:   29         SH:  9    Dex: 10    Spells: 3/3 levels left

rFire    . . .     SeeInvis .   a - +0 war axe
rCold    . . .     Faith    .   c - +0 kite shield
rNeg     . . .     Spirit   .   b - +0 scale mail
rPois    .         Reflect  .   (no helmet)
rElec    .         Harm     .   k - +0 cloak
rCorr    .         Rampage  .   j - +0 pair of gloves
Will     .....                  (no boots)
Stlth    ..........             (no amulet)
HPRegen  0.13/turn              (no ring)
MPRegen  0.09/turn              (no ring)

@: mighty, lethally poisoned (0 -> -9)
A: no striking features
a: no special abilities


You were on level 3 of the Dungeon.
You visited 1 branch of the dungeon, and saw 3 of its levels.

You collected 29 gold pieces.

Inventory:

Hand Weapons
 a - a +0 war axe (weapon)
 l - a +0 spear
Missiles
 e - 76 stones (quivered)
Armour
 b - a +0 scale mail (worn)
 c - a +0 kite shield (worn)
 j - a +0 pair of gloves (worn)
 k - a +0 cloak (worn)
Scrolls
 h - 3 scrolls of remove curse
 i - 2 scrolls of identify {unknown}
 m - a scroll of amnesia {unknown}


   Skills:
 + Level 4.0 Fighting
 + Level 3.6 Axes
 + Level 3.5 Armour
 + Level 0.5 Dodging
 + Level 4.1 Shields


You had 3 spell levels left.
You didn't know any spells.
Your spell library was empty.

Dungeon Overview and Level Annotations

Branches:
Dungeon (3/15)

Altars:

Portals:
Sewer: D:3


Message History

The creatures around you are filled with an inner flame!
It was a scroll of immolation.
* * * LOW HITPOINT WARNING * * *
You feel sick. You block the adder's attack. x2
You miss the adder.
* * * LOW HITPOINT WARNING * * *
You feel sick. You block the adder's attack. The adder closely misses you.
You miss the adder.
* * * LOW HITPOINT WARNING * * *
You feel sick. You block the adder's attack.
You miss the adder. The adder barely misses you. x2
You miss the adder.
* * * LOW HITPOINT WARNING * * *
You feel sick. The adder barely misses you. The adder bites you.
* * * LOW HITPOINT WARNING * * *
You are more poisoned.
The adder poisons you!
You slash the adder!
Flame seeps out of the adder.
The adder is almost dead.
You die...

#######......(.#
#.........†....# #.........#
#.........## #..........#
#....##'##.# #B...#≈≈≈#.#
#S##.#≈≈≈#....
#@##.#≈∩≈#..>. #########
#.##.#≈≈≈#.(.$
#.......#####.##.#≈≈≈#.....
##...#.........##.#####.....
#..........##....# .........
#............#.##.# .h...
...............# ... ....$.
..............## ####
#...... ..............#
####..(....


You could see an adder (inner flame) and a giant cockroach (inner flame).

Vanquished Creatures
  2 adders (D:3)
  An ooze (D:1)
  An orc (D:3)
  4 bats (D:1)
  3 giant cockroaches (D:1)
  2 goblins (D:1)
  3 hobgoblins
  6 jackals
  3 frilled lizards
  8 kobolds
  A rat (D:1)
34 creatures vanquished.

Vanquished Creatures (others)
  7 plants (D:3)
7 creatures vanquished.

Grand Total: 41 creatures vanquished

Notes
Turn   | Place    | Note
-------+----------+-------------------------------------------
     0 | D:1      | wisestar the Hill Orc Fighter began the quest for the Orb.
     0 | D:1      | Reached XP level 1. HP: 19/19 MP: 1/1
    59 | D:1      | Reached XP level 2. HP: 17/27 MP: 2/2
   524 | D:1      | Reached XP level 3. HP: 33/33 MP: 3/3
   934 | D:3      | Found a glowing drain.
   985 | D:3      | Reached XP level 4. HP: 5/40 MP: 4/4
   988 | D:3      | HP: 2/40 [poisoned by an adder]
   991 | D:3      | Succumbed to an adder's poison

Illustrated notes

Levels and vault maps discovered:
D:1:      dpeg_arrival_houses_and_road, layout_rooms
D:2:      layout_loops_ring, uniq_robin
D:3:      minmay_inner_zag, layout_rooms, nicolae_overflow_hidden_temple,
          gup_sewer_entry_glass, amethyst_killhole, serial_bayou_pond_c

Skill      XL: |  1  2  3 |
---------------+----------+-----
Axes           | 3 |  3.6
Fighting       | 4 |  4.0
Shields        | 4 |  4.1
Armour         | |  3.5
Dodging        | |  0.5

Action                   |  1- 3 |  4- 6 || total
-------------------------+-------+-------++-------
Melee: War axe           |   109 |     5 ||   114
Throw: Stone             |     3 |       ||     3
  Use: Scroll            |     1 |     1 ||     2
       Potion            |     1 |     1 ||     2
Armor: Scale mail        |    68 |     1 ||    69
       Skin              |     3 |       ||     3
Dodge: Dodged            |    41 |     4 ||    45
Block: Kite shield       |    90 |     4 ||    94

Table legend: (Time is in decaauts)
 A = Elapsed time spent in this place.
 B = Non-inter-level travel time spent in this place.
 C = Inter-level travel time spent in this place.
 D = Time resting spent in this place.
 E = Time spent auto-exploring this place.
 F = Levels seen in this place.
 G = Mean time per level.
                   A        B        C        D        E       F      G
               +--------+--------+--------+--------+--------+-----+--------+
         Total |   1038 |   1028 |     10 |      3 |    421 |   3 |  346.0 |
       Dungeon |   1038 |   1028 |     10 |      3 |    421 |   3 |  346.0 |
               +--------+--------+--------+--------+--------+-----+--------+

Top non-repeatable levels by time:
     D:1: 770 daAuts
     D:3: 162 daAuts
     D:2: 106 daAuts
